Map: Bastion of the Conclave

Players

Filch - Winner!

  • Race: Zerg Zerg
  • Spawn Location: 12:00

vio - Winner!

  • Race: Zerg Zerg
  • Spawn Location: 12:00

Samantis - Winner!

  • Race: Zerg Zerg
  • League: Silver
  • Spawn Location: 0:00

VOD

Have the link to the VOD?

Description

Time

  • Played on: Aug. 27, 2018, 2:47 p.m.
  • Length: 24:40
Show
View Real Time Build Order
Export as new Build Order

Filch Zerg - Winner!

Build Orders:  

Get SALT Encoding   

  12  0:16  Drone x2  
  14  0:47  Overlord  
  14  0:56  Extractor  
  13  1:32  Drone  
  13  1:39  Drone  
  15  1:40  Drone  
  15  1:48  Spawning Pool  
  15  2:16  Drone  
  15  2:19  Drone  
  17  2:27  Drone  
  18  2:54  Queen  
  20  3:08  Drone x2  
  22  3:14  Overlord  
  22  3:43  Extractor  
  21  3:50  Zergling x4  
  23  4:18  Hatchery  
  22  4:28  Drone  
  23  4:30  Drone x2  
  25  4:52  Zergling x2  
  26  5:10  Drone  
  27  5:59  Drone  
  28  6:05  Zergling x2  
  28  6:06  Zergling x2  
  30  6:36  Drone x4  
  30  6:37  Drone  
  35  7:35  Zergling x2  
  35  7:38  Overlord  
  35  7:39  Overlord  
  36  7:43  Overlord  
  36  7:48  Overlord x2  
  36  8:03  Queen  
  38  8:36  Drone  
  38  8:37  Drone x2  
  41  8:40  Drone x3  
  44  8:53  Queen  
  44  8:57  Evolution Chamber  
  45  9:17  Roach Warren  
  44  9:21  Drone x2  
  44  9:22  Drone x2  
  48  9:43  Queen  
  50  9:57  Pneumatized Carapace  
  50  10:58  Lair  
  50  11:42  Spine Crawler  
  50  11:43  Spine Crawler x2  
  47  11:50  Drone x2  
  47  11:56  Roach x3  
  47  11:57  Roach  
  57  12:24  Overseer  
  57  12:29  Overseer x2  
  57  12:30  Overseer  
  57  14:07  Overlord  
  57  14:08  Overlord  
  57  14:09  Roach x2  
  61  14:10  Roach x2  
  65  14:54  Roach x4  
  55  17:18  Hydralisk Den  
  54  17:22  Lair  
  54  17:23  Infestation Pit  
  53  17:31  Spire  
  52  17:50  Spore Crawler  
  51  18:10  Roach  
  51  18:11  Roach x4  
  51  18:12  Roach  
  63  18:26  Zerg Melee Weapons Level 1  
  63  18:38  Glial Reconstitution  
  63  19:31  Hive  
  63  20:04  Spine Crawler  
  62  20:28  Tunneling Claws  
  62  20:58  Mutalisk x4  
  62  20:59  Mutalisk x2  
  74  21:01  Hive  
  63  21:36  Zerg Missile Weapons Level 1  
  63  21:56  Zergling x6  
  63  21:57  Zergling x6  
  69  22:59  Zergling x2  
  70  23:00  Zergling x8  
  70  23:01  Zergling x2  
Show
View Real Time Build Order
Export as new Build Order

vio Zerg - Winner!

Build Orders:  

Get SALT Encoding   

  12  0:03  Drone  
  13  0:19  Drone  
  14  0:30  Extractor  
  14  0:31  Drone  
  14  0:45  Extractor, Drone  
  14  0:47  Overlord  
  14  1:15  Drone  
  14  1:16  Drone  
  16  1:34  Drone  
  16  1:35  Drone  
  18  1:44  Spawning Pool  
  17  1:56  Drone  
  18  2:05  Drone  
  19  2:20  Drone  
  20  2:38  Drone  
  21  2:42  Hatchery  
  20  2:50  Drone  
  21  3:06  Overlord  
  21  3:22  Overlord  
  21  3:31  Queen  
  21  3:36  Drone  
  24  3:50  Roach Warren  
  24  3:56  Drone  
  24  4:07  Drone  
  25  4:21  Drone  
  26  4:35  Evolution Chamber  
  25  4:41  Evolution Chamber  
  25  4:46  Roach  
  26  4:54  Queen  
  26  4:57  Drone x2  
  26  4:58  Drone  
  31  5:15  Drone  
  32  5:26  Roach  
  32  5:27  Roach  
  32  5:28  Roach  
  32  5:29  Roach  
  40  5:31  Roach  
  42  5:56  Roach  
  42  5:57  Overlord  
  42  5:58  Overlord  
  42  5:59  Overlord  
  44  6:26  Drone x3  
  47  6:40  Roach x2  
  47  6:41  Roach  
  47  6:42  Roach x2  
  57  6:53  Zerg Melee Weapons Level 1  
  57  6:55  Zerg Missile Weapons Level 1  
  57  7:09  Lair  
  57  7:13  Drone x3  
  57  7:14  Drone  
  61  7:33  Roach x2  
  61  7:35  Overlord, Roach  
  61  7:37  Overlord  
  61  7:39  Overlord  
  67  7:49  Drone  
  68  8:15  Roach x2  
  68  8:16  Roach  
  68  8:17  Roach x2  
  78  8:31  Hydralisk Den  
  78  8:33  Drone  
  78  8:41  Drone x7  
  78  8:43  Drone  
  78  8:47  Extractor  
  85  8:53  Extractor  
  84  9:50  Drone x4  
  84  9:53  Hydralisk  
  90  10:02  Hydralisk  
  90  10:06  Overlord  
  90  10:07  Overlord x3  
  92  10:52  Glial Reconstitution  
  92  10:55  Zerg Melee Weapons Level 2  
  92  10:57  Zerg Missile Weapons Level 2  
  92  11:10  Hatchery  
  92  11:14  Extractor  
  90  12:28  Unknown  
  90  12:39  Drone  
  91  12:40  Drone x3  
  94  12:50  Spire  
  94  12:57  Infestation Pit  
  92  13:13  Extractor  
  92  13:14  Drone x2  
  92  13:17  Queen  
  95  13:41  Hydralisk x2  
  95  13:42  Hydralisk x3  
  95  13:43  Hydralisk x3  
  95  13:44  Hydralisk x2  
  95  13:45  Hydralisk x3  
  95  13:46  Hydralisk x3  
  95  13:47  Hydralisk  
  95  13:49  Overlord  
  129  13:50  Overlord x2  
  129  14:36  Drone x3  
  132  15:41  Drone  
  132  15:42  Unknown, Drone x4  
  137  16:11  Hive  
  137  16:39  Hydralisk x3  
  143  16:40  Hydralisk x3  
  143  16:41  Hydralisk x2  
  143  16:44  Overlord  
  143  16:45  Overlord x5  
  143  16:46  Overlord x6  
  149  17:32  Hydralisk x2  
  149  17:33  Hydralisk x6  
  149  17:34  Hydralisk x3  
  149  17:35  Hydralisk  
  173  17:40  Zerg Melee Weapons Level 3  
  173  17:42  Zerg Missile Weapons Level 3  
  173  17:44  Greater Spire  
  173  18:15  Pneumatized Carapace  
  157  19:16  Hydralisk x3  
  157  19:17  Hydralisk x5  
  157  19:18  Hydralisk x5  
  157  19:19  Hydralisk x5  
  181  20:18  Hydralisk x3  
  181  20:19  Hydralisk x6  
  199  21:10  Hatchery  
  198  22:04  Hydralisk  
  200  22:42  Extractor  
  200  22:47  Extractor  
  198  23:10  Queen  
Show
View Real Time Build Order
Export as new Build Order

Samantis Zerg - Winner!

Build Orders:  

Get SALT Encoding   

  12  0:02  Drone  
  13  0:23  Overlord  
  13  0:38  Drone  
  14  0:51  Drone x2  
  14  0:59  Drone  
  17  1:24  Drone  
  17  1:27  Hatchery  
  17  1:42  Extractor  
  17  1:48  Spawning Pool  
  15  1:50  Drone  
  16  2:03  Drone  
  16  2:04  Drone  
  18  2:20  Drone  
  19  2:39  Drone x2  
  21  3:03  Overlord  
  21  3:07  Queen  
  21  3:08  Queen  
  25  3:19  Drone  
  26  3:20  Drone  
  26  3:28  Drone x2  
  29  3:55  Spine Crawler  
  29  3:57  Spine Crawler  
  27  4:14  Queen  
  29  4:20  Zergling x4  
  29  4:21  Zergling x6  
  29  4:22  Zergling x2  
  35  4:56  Drone  
  35  4:59  Overlord x3  
  36  5:20  Metabolic Boost  
  36  5:25  Drone  
  36  5:26  Drone x5  
  42  5:42  Drone  
  42  5:49  Overlord  
  43  5:50  Overlord x4  
  43  6:09  Drone x5  
  48  6:27  Drone x2  
  50  6:44  Drone  
  50  6:45  Drone  
  50  6:48  Extractor  
  51  6:51  Extractor  
  51  6:58  Drone x2  
  51  6:59  Extractor  
  51  7:28  Roach Warren  
  50  7:34  Evolution Chamber  
  49  7:44  Evolution Chamber  
  49  7:49  Drone x3  
  51  7:50  Drone x5  
  56  8:13  Spine Crawler  
  56  8:15  Zergling x2  
  56  8:16  Zergling x4  
  58  8:25  Zerg Missile Weapons Level 1  
  58  8:27  Zerg Ground Armor Level 1  
  58  8:33  Zergling x8  
  58  8:34  Zergling x8  
  66  8:50  Baneling Nest  
  66  8:51  Lair  
  66  8:53  Drone x2  
  59  9:24  Roach  
  59  9:25  Roach x3  
  65  9:47  Overlord  
  65  9:48  Overlord x2  
  65  9:49  Overlord x3  
  65  10:02  Drone x4  
  65  10:07  Glial Reconstitution  
  69  10:16  Infestation Pit  
  68  10:21  Hydralisk Den  
  68  10:23  Drone x3  
  70  10:48  Roach  
  70  10:49  Roach x2  
  76  11:06  Zerg Missile Weapons Level 2  
  76  11:09  Zerg Ground Armor Level 2  
  76  11:16  Centrifical Hooks  
  76  11:20  Overlord x3  
  76  11:21  Overlord  
  76  11:55  Hydralisk x4  
  76  11:56  Hydralisk x4  
  76  11:57  Hydralisk  
  94  12:38  Drone  
  94  12:39  Drone x5  
  100  12:40  Drone x4  
  100  12:42  Unknown  
  104  12:54  Hatchery  
  103  13:04  Hatchery  
  103  13:05  Extractor, Drone  
  103  13:07  Hydralisk x2  
  103  13:08  Extractor  
  105  13:21  Hydralisk x2  
  105  13:22  Hydralisk x2  
  113  14:08  Hydralisk x2  
  113  14:09  Hydralisk x5  
  127  14:22  Unknown  
  117  15:05  Roach x5  
  117  15:06  Unknown, Roach x6  
  117  15:07  Roach x5  
  148  15:44  Hydralisk x3  
  148  15:45  Hydralisk x4  
  148  15:46  Hydralisk  
  164  16:06  Drone x2  
  164  16:07  Drone x2  
  164  16:08  Drone  
  167  16:17  Hive  
  167  17:27  Overlord x2  
  167  17:28  Overlord x6  
  167  17:29  Overlord x4  
  165  17:53  Zerg Missile Weapons Level 3  
  165  17:55  Zerg Ground Armor Level 3  
  163  18:41  Hydralisk x2  
  163  18:42  Hydralisk x5  
  163  18:43  Hydralisk x5  
  187  18:55  Queen  
  189  19:17  Hydralisk x3  
  193  19:45  Queen  
  193  19:49  Hydralisk x2  
  191  20:55  Hydralisk x2  
  191  20:56  Hydralisk x2  
  199  22:52  Pneumatized Carapace  
  199  23:42  Drone  
Tags
 
Add a new tag
Caveats
  • Supply blocks, unpowered buildings, or Contaminate may cause inaccurate times.
  • Supply counts are checked every 10 seconds.